 Dungeon Crawl Stone Soup version 0.25-a0-781-gc44aebf4fe (webtiles) character file.

Game seed: 9021158198214340217, levelgen mode: deterministic

11763 Error4North the Cleaver (level 11, -2/99 HPs)
             Began as a Hill Orc Fighter on Apr 14, 2020.
             Was a High Priest of Okawaru.
             Slain by an unseen horror (6 damage)
             ... on level 12 of the Dungeon on Apr 15, 2020.
             The game lasted 00:47:38 (11101 turns).

Error4North the Cleaver (Hill Orc Fighter)         Turns: 11101, Time: 00:47:38

Health: -2/99      AC: 14    Str: 23    XL:     11   Next: 82%
Magic:  13/13      EV: 11    Int:  8    God:    Okawaru [*****.]
Gold:   599        SH: 13    Dex: 10    Spells: 10/10 levels left

rFire    . . .     SeeInvis .   i - +5 war axe (vorpal)
rCold    + . .     Gourm    .   c - +1 kite shield
rNeg     . . .     Faith    .   g - +0 chain mail
rPois    .         Spirit   .   (no helmet)
rElec    .         Reflect  .   (no cloak)
rCorr    +         Harm     .   h - +0 pair of gloves
MR       .....                  s - +0 pair of boots
Stlth    ..........             (no amulet)
HPRegen  0.26/turn              k - +3 ring of evasion
MPRegen  0.13/turn              B - ring of resist corrosion

@: no status effects
A: blink, cold resistance 1
a: Blink, Heroism, Finesse, Renounce Religion


You were on level 12 of the Dungeon.
You worshipped Okawaru.
Okawaru was extremely pleased with you.
You were not hungry.

You visited 2 branches of the dungeon, and saw 13 of its levels.

You collected 1109 gold pieces.
You spent 510 gold pieces at shops.

Inventory:

Hand Weapons
 i - a +5 vorpal war axe (weapon)
Missiles
 o - 2 boomerangs (quivered)
Armour
 c - a +1 kite shield (worn)
 g - a +0 chain mail (worn)
 h - a +0 pair of gloves (worn)
 s - a +0 pair of boots (worn)
 y - a +0 pair of gloves
Jewellery
 k - a +3 ring of evasion (left hand)
 B - a ring of resist corrosion (right hand)
Wands
 n - a wand of digging (6)
 v - a wand of disintegration (6)
 x - a wand of flame (17)
Scrolls
 b - 4 scrolls of fear
 e - a scroll of noise {unknown}
 j - a scroll of random uselessness {unknown}
 m - 10 scrolls of teleportation
 p - 3 scrolls of immolation
 r - 7 scrolls of remove curse
 t - 8 scrolls of identify
 w - a scroll of amnesia
Potions
 a - a potion of flight
 d - a potion of stabbing
 l - a potion of lignification
 q - a potion of invisibility
 u - 2 potions of brilliance
 z - a potion of ambrosia
Comestibles
 f - 21 rations


   Skills:
 * Level 10.0 Fighting
 + Level 12.5 Axes
 * Level 9.6 Armour
 + Level 2.4 Dodging
 + Level 0.7 Stealth
 * Level 11.2 Shields
 + Level 3.4 Invocations
 + Level 1.4 Evocations


You had 10 spell levels left.
You didn't know any spells.
Your spell library was empty.

Dungeon Overview and Level Annotations

Branches:
Dungeon (12/15)            Temple (1/1) D:5            Lair (0/6) D:10
    Orc: D:9-12

Altars:
Ashenzari
Cheibriados
Dithmenos
Elyvilon
Fedhas
Gozag
Hepliaklqana
Kikubaaqudgha
Makhleb
Nemelex Xobeh
Okawaru
Qazlal
Ru
Sif Muna
Trog
Uskayaw
Vehumet
Wu Jian
Xom
Yredelemnul
Zin
The Shining One

Shops:
D:6 (   D:7 !   D:9 (   D:10 }

Annotations:
D:10 2 runed translucent doors, Puwk's ghost, journeyman DDFi


Innate Abilities, Weirdness & Mutations

You can translocate small distances at will.
Your flesh is cold resistant. (rC+)


Message History

Something hits you but does no damage. Something hits you.
* * * LOW HITPOINT WARNING * * *
Something hits you but does no damage. Something hits you.
* * * LOW HITPOINT WARNING * * *
Something hits you but does no damage. x2
Something hits you but does no damage. Something hits you.
* * * LOW HITPOINT WARNING * * *
Something hits you but does no damage.
You open the door. Something hits you but does no damage. Something hits you.
* * * LOW HITPOINT WARNING * * *
Something hits you but does no damage.
There is an open door here.
You block something's attack. Something hits you but does no damage.
Something hits you.
* * * LOW HITPOINT WARNING * * *
Something hits you but does no damage. Something hits you but does no damage.
Something hits you.
You die...

......# ####.........#
......# #.........#
#'##### #######†### #..##
#..## ##..### ##..#
##...# #######'#### ###.#
#.....).)..# #####.##
###.....[)[..# .......#
#.'..@.......# .......#
#.#..........# .......#
##.#..........# .......#
#..#..........# ...>...#
##.##..........# .......#
#..##..........#
.......###.###..........#
...........# #..........
.......#####


There were no monsters in sight!

Vanquished Creatures
  Harold (D:10)
  4 two-headed ogres
  A centaur zombie (D:7)
  A gargoyle (D:12)
  2 hippogriffs
  A human (D:9)
  4 yaks
  3 hogs (D:9)
  A basilisk (D:12)
  2 hungry ghosts
  A hornet zombie (D:9)
  An ice beast (D:11)
  A phantom (D:4)
  A necrophage (D:12)
  5 orc warriors
  2 ogres
  3 sky beasts
  2 black bears (D:9)
  5 centaurs
  2 big kobolds
  2 gnoll sergeants
  6 bullfrogs
  A wyvern zombie (D:11)
  A water moccasin skeleton (D:8)
  2 scorpions
  20 killer bees
  9 wights
  4 howler monkeys
  4 crimson imps
  A bullfrog zombie (D:12)
  A hound (D:7)
  14 orc wizards
  2 centaur skeletons
  A gnoll shaman (D:6)
  11 orc priests
  A bullfrog skeleton (D:8)
  Jessica (D:3)
  2 iguanas
  12 worker ants
  A hound zombie (D:8)
  2 hound skeletons
  2 worker ant zombies
  16 gnolls
  9 adders
  A shadow imp (D:8)
  4 oozes
  An adder zombie (D:8)
  An adder skeleton (D:5)
  A worm (D:2)
  6 leopard geckos
  80 orcs
  8 giant cockroaches
  8 goblins
  3 hobgoblins
  5 jackals
  2 quokkas
  A ball python (D:4)
  8 bats
  10 frilled lizards
  19 kobolds
  4 rats
  2 toadstools (D:6)
332 creatures vanquished.

Vanquished Creatures (others)
  4 toadstools (D:6)
4 creatures vanquished.

Grand Total: 336 creatures vanquished

Notes
Turn   | Place    | Note
-------+----------+-------------------------------------------
     0 | D:1      | Error4North the Hill Orc Fighter began the quest for the
                  | Orb.
     0 | D:1      | Reached XP level 1. HP: 19/19 MP: 1/1
    51 | D:1      | Reached XP level 2. HP: 21/27 MP: 2/2
   396 | D:1      | Found a glowing golden altar of the Shining One.
   531 | D:1      | Reached XP level 3. HP: 30/33 MP: 3/3
   828 | D:2      | Found a shadowy altar of Dithmenos.
   920 | D:2      | Found a stormy altar of Qazlal.
   976 | D:2      | Reached skill level 3 in Axes
  1046 | D:2      | Found an ornate altar of the Wu Jian Council.
  1236 | D:3      | Reached XP level 4. HP: 40/40 MP: 4/4
  1242 | D:3      | Noticed Jessica
  1245 | D:3      | Killed Jessica
  1471 | D:3      | Reached skill level 5 in Fighting
  1471 | D:3      | Reached XP level 5. HP: 36/48 MP: 5/5
  1480 | D:3      | Gained mutation: Your flesh is cold resistant. (rC+)
                  | [potion of mutation]
  1480 | D:3      | Gained mutation: You can translocate small distances at
                  | will. [potion of mutation]
  1814 | D:3      | Found a burning altar of Makhleb.
  1959 | D:4      | Reached XP level 6. HP: 38/56 MP: 6/6
  2154 | D:4      | Reached skill level 4 in Axes
  2154 | D:4      | Reached skill level 5 in Shields
  2168 | D:4      | Reached skill level 5 in Axes
  2339 | D:4      | Noticed a phantom
  2356 | D:4      | Reached XP level 7. HP: 62/62 MP: 7/7
  2365 | D:4      | Reached skill level 1 in Dodging
  2606 | D:4      | Upgraded the game from 0.25-a0-780-g622e69b31f to
                  | 0.25-a0-781-gc44aebf4fe
  2679 | D:4      | Found a hazy altar of Hepliaklqana.
  2736 | D:4      | Found a glowing silver altar of Zin.
  2743 | D:5      | Entered Level 5 of the Dungeon
  3015 | D:5      | Found an opulent altar of Gozag.
  3173 | D:5      | Reached skill level 5 in Armour
  3352 | D:5      | Found a staircase to the Ecumenical Temple.
  3366 | Temple   | Entered the Ecumenical Temple
  3397 | Temple   | Became a worshipper of Warmaster Okawaru
  3528 | D:5      | Reached skill level 6 in Axes
  3528 | D:5      | Reached skill level 1 in Evocations
  3528 | D:5      | Reached XP level 8. HP: 43/71 MP: 8/8
  3835 | D:5      | Reached skill level 1 in Invocations
  4233 | D:6      | Found Rimairog's Weapon Shop.
  4269 | D:6      | Bought a +3 vorpal war axe for 310 gold pieces
  4495 | D:6      | Reached * piety under Okawaru
  4693 | D:6      | Reached skill level 7 in Axes
  4756 | D:6      | Reached XP level 9. HP: 39/79 MP: 11/11
  5192 | D:7      | Found Sohubut's Distillery.
  5203 | D:7      | Reached ** piety under Okawaru
  5203 | D:7      | Reached skill level 8 in Axes
  5233 | D:7      | Identified the +1 ring mail "Vudewas" {rC+ MR+ rCorr SInv}
  5337 | D:7      | Found a white marble altar of Elyvilon.
  5543 | D:7      | Reached skill level 9 in Axes
  6072 | D:8      | Reached XP level 10. HP: 54/88 MP: 10/12
  6311 | D:8      | Reached *** piety under Okawaru
  6313 | D:8      | Reached skill level 10 in Axes
  6712 | D:8      | Noticed a two-headed ogre
  6723 | D:8      | Killed a two-headed ogre
  7065 | D:9      | Reached **** piety under Okawaru
  7786 | D:9      | Found Gunymnix's Weapon Shoppe.
  7845 | D:9      | Reached skill level 11 in Axes
  8416 | D:10     | Entered Level 10 of the Dungeon
  8464 | D:10     | Reached ***** piety under Okawaru
  8464 | D:10     | Reached skill level 10 in Shields
  8464 | D:10     | Reached XP level 11. HP: 82/97 MP: 10/13
  8478 | D:10     | Found Usug's Gadget Shop.
  8481 | D:10     | Bought a wand of digging (6) for 200 gold pieces
  8570 | D:10     | Noticed Harold
  8581 | D:10     | Killed Harold
  8648 | D:10     | Found a large runed translucent door.
  8648 | D:10     | Found a large runed translucent door.
  8651 | D:10     | Noticed Puwk's ghost (journeyman DDFi)
  8929 | D:10     | Noticed a two-headed ogre
  8939 | D:10     | Killed a two-headed ogre
  9059 | D:10     | Found a staircase to the Lair.
  9454 | D:11     | Noticed a two-headed ogre
  9462 | D:11     | Killed a two-headed ogre
  9462 | D:11     | Reached skill level 12 in Axes
 10130 | D:12     | Noticed a two-headed ogre
 10654 | D:12     | Killed a two-headed ogre
 10757 | D:12     | Reached skill level 10 in Fighting
 11100 | D:12     | HP: 4/99 [something (5)]
 11101 | D:12     | Slain by an unseen horror

Levels and vault maps discovered:
D:1:      scummos_arrival_forest, layout_basic, tso_metal_star
D:2:      layout_rooms, lemuel_crystal_altar, grunt_dithmenos_smoke,
          grunt_qazlal_clouds
D:3:      layout_basic, makhleb_grotto_becter, first_ration, uniq_jessica
D:4:      layout_rooms, zin_treasury, lemuel_doored_altar
D:5:      layout_loops_corners, lemuel_crystal_altar,
          minmay_temple_entry_statues_pillars
D:6:      layout_basic, serial_shops, shop_coins, minmay_gold_behind_fungi,
          minmay_pentangle
D:7:      layout_gridville, elyvilon_altar_1, serial_shops, shop,
          minmay_checkerbox
D:8:      layout_loops_ring, serial_rivers, chequers_serial_rivers_small_3,
          chequers_serial_rivers_room_a, chequers_serial_rivers_room_b,
          chequers_serial_rivers_micro_b, chequers_serial_rivers_small_b,
          chequers_serial_rivers_small_3, special_room [special_room_orc]
D:9:      wander_river, layout_basic, serial_shops, shop_fountains,
          grunt_livestock
D:10:     mumra_celtic_spiral_tile, layout_irregular_city, lair_entry_dummy,
          ebering_ghost_disaster_area, serial_shops, kennysheep_mini,
          serial_bayou_pond_e, uniq_harold
D:11:     layout_grid_maze, lemuel_statue_altar
D:12:     layout_roguey, david_orc_4
Temple:   regret_index_temple_waves

Skill      XL: |  1  2  3  4  5  6  7  8  9 10 11 |
---------------+----------------------------------+-----
Fighting       | 4 5 6 7 8 9 10 | 10.0
Shields        | 4 5 6 8 10 11 | 11.2
Axes           | 3 5 6 7 9 11 12 | 12.5
Armour         | 4 5 6 7 8 9 |  9.6
Dodging        | 1 2 |  2.4
Evocations     | 1 |  1.4
Invocations    | 3 |  3.4
Stealth        | |  0.7

Action                   |  1- 3 |  4- 6 |  7- 9 | 10-12 || total
-------------------------+-------+-------+-------+-------++-------
Melee: War axe           |   106 |   139 |   356 |   356 ||   957
Invok: Heroism           |       |       |     4 |    10 ||    14
  Use: Potion            |       |     4 |     2 |    11 ||    17
       Scroll            |       |       |     3 |    11 ||    14
 Stab: Invisible         |       |       |       |     1 ||     1
  Eat: Chunk             |     1 |     3 |     9 |    10 ||    23
       Ration            |       |       |     1 |     3 ||     4
Armor: Scale mail        |    47 |    79 |     9 |       ||   135
       Chain mail        |       |       |   137 |   197 ||   334
       Skin              |       |       |       |     3 ||     3
Dodge: Dodged            |    39 |    61 |   132 |   146 ||   378
Block: Kite shield       |    60 |    90 |   198 |   285 ||   633

Table legend:
 A = Non-vault XP
 B = Vault XP
 C = Vault XP percentage of total XP
 D = Non-vault monster count
 E = Vault monster count
 F = Vault count percentage of total count
                 A         B        C        D         E       F
            +---------+---------+-------+---------+---------+-------
      Total |   13770 |    3035 |  18.1 |     280 |      50 |  15.2
            +---------+---------+-------+---------+---------+-------
        D:1 |      35 |       0 |   0.0 |      17 |       0 |   0.0
        D:2 |      37 |       0 |   0.0 |      18 |       0 |   0.0
        D:3 |     103 |      87 |  45.8 |      24 |       2 |   7.7
        D:4 |     592 |       0 |   0.0 |      33 |       0 |   0.0
        D:5 |     623 |       0 |   0.0 |      24 |       0 |   0.0
        D:6 |     904 |     102 |  10.1 |      29 |       3 |   9.4
        D:7 |    1078 |     230 |  17.6 |      17 |       3 |  15.0
        D:8 |    2049 |     246 |  10.7 |      26 |      25 |  49.0
        D:9 |    1616 |    1009 |  38.4 |      25 |       5 |  16.7
       D:10 |    1840 |     997 |  35.1 |      15 |       1 |   6.2
       D:11 |    1680 |     144 |   7.9 |      24 |       2 |   7.7
       D:12 |    3213 |     220 |   6.4 |      28 |       9 |  24.3
            +---------+---------+-------+---------+---------+-------
